 Dungeon Crawl Stone Soup version 0.28-b1-25-g9875b3fc8c (webtiles) character file.

Game seed: 1610966135223808750

86737 sanka the Bludgeoner (level 15, -6/255 HPs)
             Began as an Ogre Berserker on Feb 5, 2022.
             Was a High Priest of Trog.
             Mangled by Agnes (38 damage)
             ... on level 14 of the Dungeon.
             The game lasted 00:59:08 (31724 turns).

sanka the Bludgeoner (Ogre Berserker)              Turns: 31724, Time: 00:59:09

Health: -6/255     AC: 12    Str: 23    XL:     15   Next: 88%
Magic:  15/15      EV: 14    Int:  8    God:    Trog [*****.]
Gold:   1478       SH:  0    Dex: 17    Spells: 14/14 levels left

rFire   + . .      SeeInvis .   a - +0 giant club
rCold   . . .      Faith    .   (shield currently unavailable)
rNeg    . . .      Spirit   .   L - +1 troll leather armour {Snorg}
rPois   .          Reflect  .   (helmet restricted)
rElec   .          Harm     .   Z - +1 cloak {Will+}
rCorr   .          Rampage  .   (gloves unavailable)
Will    ++...                   (boots unavailable)
Stlth   ..........              M - amulet of regeneration
HPRegen 2.12/turn               X - +4 ring of protection
MPRegen 0.14/turn               U - ring of Mabrauph {rF+ Dex+3}

@: berserking (expiring), very quick
A: large, unfitting armour, tough skin 1, weak 1
a: Renounce Religion, Berserk, Trog's Hand, Brothers in Arms


You were on level 14 of the Dungeon.
You worshipped Trog.
Trog was extremely pleased with you.
You visited 3 branches of the dungeon, and saw 22 of its levels.
You also visited: Gauntlet and Volcano.

You collected 2494 gold pieces.
You spent 1016 gold pieces at shops.

Inventory:

Hand Weapons
 a - a +0 giant club (weapon)
 p - the +10 dark maul {vorpal}
   (You took it off a two-headed ogre on level 1 of the Orcish Mines)

   It inflicts extra damage upon your enemies.
 E - the +3 Elemental Staff {rElec rF++ rC++ AC+5}
   (You found it in a Gauntlet)

   If the wielder is skilled in Evocations, they can discharge powerful blasts
   of elemental energy when striking with it.
   It enhances your fire, ice, earth and air magic.
   AC:        It affects your AC (+5).
   rF:        It greatly protects you from fire.
   rC:        It greatly protects you from cold.
   rElec:     It insulates you from electricity.
   Trog disapproves of the use of such an item.
 T - a +0 giant spiked club
Missiles
 k - a throwing net
 F - 4 silver javelins (quivered)
Armour
 L - a +1 troll leather armour (worn) {Snorg}
 Z - a +1 cloak of willpower (worn)
Jewellery
 m - a ring of resist corrosion
 M - an amulet of regeneration (around neck)
 O - a ring of protection from fire
 R - a ring of see invisible
 U - the ring of Mabrauph (right hand) {rF+ Dex+3}
   (You found it in a Gauntlet)

   [ring of protection from fire]

   Dex:       It affects your dexterity (+3).
   rF:        It protects you from fire.
 X - a +4 ring of protection (left hand)
Wands
 f - a wand of mindburst (4)
 l - a wand of paralysis (2)
 o - a wand of polymorph (9)
 r - a wand of flame (41)
 u - a wand of digging (12)
 y - a wand of acid (7)
 B - a wand of iceblast (12)
 J - a wand of charming (4)
Scrolls
 b - a scroll of summoning
 h - 10 scrolls of teleportation
 n - a scroll of immolation
 q - 2 scrolls of blinking
 s - 4 scrolls of torment
 w - 2 scrolls of magic mapping
 x - 4 scrolls of fear
 C - 2 scrolls of holy word
 D - a scroll of fog
 G - 4 scrolls of vulnerability
 H - a scroll of silence
 I - 3 scrolls of noise
 N - a scroll of brand weapon {unknown}
 S - 2 scrolls of enchant weapon
 Y - 2 scrolls of enchant armour
Potions
 c - 3 potions of berserk rage
 d - 5 potions of lignification
 e - 2 potions of might
 g - 2 potions of mutation
 i - 6 potions of curing {unknown}
 j - 3 potions of cancellation
 t - 6 potions of heal wounds
 z - 4 potions of flight {unknown}
 A - 6 potions of haste
 K - 3 potions of magic {unknown}
 Q - 2 potions of attraction
Miscellaneous
 P - a tin of tremorstones (2/2)
 V - a condenser vane
 W - a phantom mirror


   Skills:
 - Level 16.0 Fighting
 + Level 19.6 Maces & Flails
 - Level 9.2 Dodging
 - Level 8.0 Evocations


You had 14 spell levels left.
You didn't know any spells.
Your spell library was empty.

Dungeon Overview and Level Annotations

Branches:
Dungeon (14/15)            Temple (0/1) D:5            Lair (6/6) D:10
 Shoals (0/4) Lair:4       Spider (0/4) Lair:2        Slime (0/5) Lair:6
    Orc (2/2) D:12            Elf (0/3) Orc:2       Volcano (visited)
Gauntlet (visited)
 Vaults: D:13-14

Altars:
Ashenzari
Ru
Xom

Shops:
D:9 [   Orc:1 (   Orc:2 [*:(*

Annotations:
D:9 2 runed translucent doors
D:14 2 transporters, Agnes; Jaliuk's ghost, journeyman DECj


Innate Abilities, Weirdness & Mutations

You are too large for most types of armour.
You have tough skin. (AC +1)
You are weak. (Str -2)


Message History

Unknown command.
You closely miss Agnes.
Agnes is heavily wounded.
Agnes misses you.
You barely miss Agnes.
Agnes is heavily wounded.
Agnes closely misses you.
Agnes hits you with a +3 lajatang of speed!
You thump Agnes!
Agnes is severely wounded.
Agnes hits you with a +3 lajatang of speed!!
Unknown command.
You closely miss Agnes.
Agnes is severely wounded.
Agnes hits you with a +3 lajatang of speed!
You bludgeon Agnes!!
Agnes is almost dead.
Agnes hits you with a +3 lajatang of speed! x2
You barely miss Agnes.
Agnes is almost dead.
Agnes hits you with a +3 lajatang of speed!!
* * * LOW HITPOINT WARNING * * *
Unknown command.
You closely miss Agnes.
Agnes is almost dead.
Agnes hits you with a +3 lajatang of speed!!
* * * LOW HITPOINT WARNING * * *
You miss Agnes.
Agnes is almost dead.
Agnes hits you with a +3 lajatang of speed!
* * * LOW HITPOINT WARNING * * *
Unknown command.
You miss Agnes.
Agnes is almost dead.
Agnes hits you with a +3 lajatang of speed!
* * * LOW HITPOINT WARNING * * *
You miss Agnes.
Agnes is almost dead.
Agnes hits you with a +3 lajatang of speed!!!
You die...

......)..### #.......# #
....###.#.)# ..# ######..# #
.##.###.##.## #... #..# #
.#......##..#.##.# #..####
##..#######.#.##.# ########.....'
##............##.# #.....##.#.###
...............#.###.....##.#.###
##.#.#.#.#.#...#i#.......+..#....
##.............#@#.......####.###
##.#.#.#.#.....#.#..#.#..# #.....
##.............#.#.......# #.#.#.
#..#.#.#.#..#..#.#..#.#..###.....
#.............(........(.....#.#.
#..#.#.#.#..##.#.#.#####.........
............##.......# #....##...
######.#.#####.#.##### #........#
.......#.........# #....#.#.#


You could see Agnes.

Vanquished Creatures
  Frances (D:13)
  Donald (Orc:2)
  An orc warlord (Orc:1)
  A cacodemon (Gauntlet)
  A minotaur (Gauntlet)
  The ghost of Ruicvywi the Grappler, a journeyman OgTm of Okawaru (Lair:3)
  A red draconian (Volcano)
  Snorg (D:14)
  A fire dragon (Lair:6)
  Josephine (D:11)
  A rakshasa (D:13)
  A catoblepas (Lair:3)
  2 boulder beetles
  An ogre mage (D:13)
  9 hydras
  3 centaur warriors
  A death knight (D:13)
  8 two-headed ogres
  11 death yaks
  2 tengu warriors
  3 orc high priests
  7 skeletal warriors
  3 orc knights
  2 lindwurms
  5 orc sorcerers (Orc:2)
  An oklob plant (Lair:1)
  An ugly thing (D:13)
  8 cyclopes
  Maurice (Orc:1)
  2 manticores (D:12)
  An elephant (Lair:6)
  3 black mambas
  3 torpor snails
  12 cane toads
  A gargoyle (D:12)
  A yaktaur (Volcano)
  3 molten gargoyles (Lair:6)
  2 rime drakes
  13 komodo dragons
  Psyche (D:8)
  2 efreet
  A burning bush (Lair:6)
  7 trolls
  A polar bear (Lair:3)
  2 hornets
  12 blink frogs
  5 slime creatures
  4 dream sheep (Lair:6)
  Sigmund (D:2)
  3 shadows
  6 wyverns
  2 spriggans (Lair:3)
  5 wraiths
  6 basilisks
  A redback (Lair:2)
  25 yaks
  4 steam dragons
  15 vampire mosquitoes
  A neqoxec (Gauntlet)
  10 water moccasins
  7 wargs
  4 hell hounds (Lair:6)
  2 acid dragons
  A sky beast (D:5)
  A swamp drake (D:12)
  35 orc warriors
  4 black bears
  7 necrophages
  7 ogres
  3 wolves (Lair:3)
  4 centaurs
  2 phantoms
  13 bullfrogs
  A kobold brigand (D:10)
  A gnoll sergeant (D:7)
  2 scorpions
  A water moccasin zombie (D:7)
  5 wights (D:10)
  15 killer bees
  A howler monkey (D:6)
  5 lava snakes (Lair:6)
  5 crimson imps (D:13)
  5 centaur zombies
  Crazy Yiuf (D:2)
  A bullfrog zombie (D:6)
  4 hounds
  15 orc priests
  3 jellies (Lair:6)
  A centaur skeleton (D:7)
  3 iguanas
  33 orc wizards
  Terence (D:2)
  2 hound skeletons (D:4)
  3 howler monkey zombies
  7 adders
  11 gnolls
  4 shadow imps
  2 white imps (D:13)
  An ufetubus (D:6)
  A worm (D:4)
  2 dart slugs
  75 orcs
  A bat (D:3)
  7 endoplasms
  A giant cockroach (D:2)
  11 goblins
  6 hobgoblins
  A quokka (D:1)
  7 ball pythons
  3 frilled lizards
  13 kobolds
  9 rats
595 creatures vanquished.

Vanquished Creatures (collateral kills)
  A reaper (Gauntlet)
  A hellwing (Gauntlet)
  3 wargs (Orc:1)
5 creatures vanquished.

Vanquished Creatures (others)
  An orc wizard (D:8)
  An orc (Orc:1)
  49 fungi
  60 plants
111 creatures vanquished.

Grand Total: 711 creatures vanquished

Notes
Turn   | Place    | Note
-------+----------+-------------------------------------------
     0 | D:1      | sanka the Ogre Berserker began the quest for the Orb.
     0 | D:1      | Reached XP level 1. HP: 24/24 MP: 1/1
   402 | D:1      | Reached skill level 3 in Maces & Flails
   428 | D:1      | Reached XP level 2. HP: 30/32 MP: 2/2
  1276 | D:2      | Reached XP level 3. HP: 34/39 MP: 3/3
  1326 | D:2      | Reached ** piety under Trog
  1581 | D:2      | Reached skill level 4 in Maces & Flails
  1853 | D:2      | Noticed Sigmund
  1853 | D:2      | Noticed Terence
  1869 | D:2      | Killed Terence
  1870 | D:2      | Reached XP level 4. HP: 17/48 MP: 4/4
  1879 | D:2      | Killed Sigmund
  1880 | D:2      | Reached skill level 6 in Maces & Flails
  1880 | D:2      | Reached XP level 5. HP: 9/54 MP: 5/5
  1880 | D:2      | Reached XP level 6. HP: 11/62 MP: 6/6
  2451 | D:2      | Found a runed translucent door.
  2452 | D:2      | Noticed Crazy Yiuf
  2910 | D:2      | Killed Crazy Yiuf
  3567 | D:3      | Found a faded altar of an unknown god.
  4124 | D:4      | You fall into a shaft and drop 2 floors!
  4368 | D:6      | Reached skill level 7 in Maces & Flails
  4368 | D:6      | Reached XP level 7. HP: 51/70 MP: 7/7
  4906 | D:6      | Noticed a shadow
  4918 | D:6      | Killed a shadow
  4919 | D:6      | Reached skill level 8 in Maces & Flails
  5117 | D:5      | Entered Level 5 of the Dungeon
  5137 | D:5      | Found a staircase to the Ecumenical Temple.
  5144 | D:5      | Reached XP level 8. HP: 70/78 MP: 8/8
  5875 | D:5      | Reached skill level 9 in Maces & Flails
  6283 | D:4      | Reached skill level 10 in Maces & Flails
  6456 | D:4      | Reached *** piety under Trog
  6621 | D:4      | Reached skill level 5 in Fighting
  6621 | D:4      | Reached XP level 9. HP: 88/88 MP: 9/9
  7955 | D:7      | Reached skill level 11 in Maces & Flails
  8598 | D:7      | Found a broken altar of Ashenzari.
  9504 | D:8      | Identified the +1 ring mail of the Pleiades {MP+9}
  9586 | D:8      | Reached XP level 10. HP: 57/104 MP: 10/10
  9587 | D:8      | Reached skill level 12 in Maces & Flails
  9770 | D:8      | Noticed Psyche
  9780 | D:8      | Killed Psyche
 10444 | D:9      | Noticed a boulder beetle
 10456 | D:9      | Killed a boulder beetle
 10677 | D:9      | Found Nurubur's Armour Boutique.
 10748 | D:9      | Identified the +5 dagger of Qysonk {chaos, rF+}
 10748 | D:9      | Identified the +5 robe of Zenuh {Will++ Str-5 Int+3 SInv}
 10748 | D:9      | Noticed a kobold demonologist
 10955 | D:9      | Found a large runed translucent door.
 10955 | D:9      | Found a large runed translucent door.
 10956 | D:9      | Noticed a white ugly thing
 10991 | D:9      | Reached skill level 13 in Maces & Flails
 11692 | D:9      | Reached skill level 10 in Fighting
 11926 | D:9      | Found a shimmering altar of Xom.
 11927 | D:9      | Noticed a cyan ugly thing
 12026 | D:10     | Entered Level 10 of the Dungeon
 12065 | D:10     | Noticed a five-headed hydra
 12065 | D:10     | Noticed a seven-headed hydra
 12087 | D:9      | Killed a seven-headed hydra
 12510 | D:10     | Reached XP level 11. HP: 59/109 MP: 11/11
 12898 | D:10     | Killed a five-headed hydra
 12972 | D:10     | Identified the +5 demon whip "Zeavec" {vamp, rF- rCorr
                  | Int-3 Dex+8}
 13399 | D:10     | Reached skill level 14 in Maces & Flails
 13555 | D:10     | Found a staircase to the Lair.
 13751 | D:10     | Reached **** piety under Trog
 14028 | D:11     | Noticed a two-headed ogre
 14039 | D:11     | Killed a two-headed ogre
 14542 | D:11     | Found a sacrificial altar of Ru.
 15027 | D:11     | Noticed Josephine
 15045 | D:11     | Killed Josephine
 16054 | Lair:1   | Entered Level 1 of the Lair of Beasts
 16340 | Lair:1   | Reached XP level 12. HP: 111/132 MP: 12/12
 16359 | Lair:1   | Noticed a five-headed hydra
 16369 | Lair:1   | Killed a five-headed hydra
 16370 | Lair:1   | Reached skill level 15 in Maces & Flails
 16370 | Lair:1   | Reached skill level 5 in Dodging
 16595 | Lair:1   | Noticed a six-headed hydra
 16864 | Lair:1   | Noticed a five-headed hydra
 16870 | Lair:1   | Killed a five-headed hydra
 17582 | Lair:1   | Killed a six-headed hydra
 17925 | Lair:1   | You fall into a shaft and drop 1 floor!
 18981 | Lair:2   | Found a hole to the Spider Nest.
 19414 | Lair:3   | Noticed a catoblepas
 19425 | Lair:3   | Killed a catoblepas
 19472 | Lair:3   | Found a gate leading to a gauntlet.
 19484 | Gauntlet | Entered a Gauntlet
 19484 | Gauntlet | Found a transporter.
 19487 | Gauntlet | Noticed a death yak
 19487 | Gauntlet | Noticed a death yak
 19489 | Gauntlet | Noticed a death yak
 19497 | Gauntlet | Noticed a reaper
 19664 | Gauntlet | Found a transporter.
 19678 | Gauntlet | Found a transporter.
 19682 | Gauntlet | Found a transporter.
 19694 | Gauntlet | Found a transporter.
 19713 | Gauntlet | Found a runed translucent gate.
 19713 | Gauntlet | Noticed a cacodemon
 19714 | Gauntlet | Found a transporter.
 19714 | Gauntlet | Found a runed translucent gate.
 19715 | Gauntlet | Found a runed translucent gate.
 19717 | Gauntlet | Found the +3 Elemental Staff {rElec rF++ rC++ AC+5}
 19723 | Gauntlet | Found a large runed translucent door.
 19724 | Gauntlet | Found a large runed translucent door.
 19725 | Gauntlet | Found a large runed translucent door.
 19726 | Gauntlet | Found a runed translucent gate.
 19727 | Gauntlet | Found a transporter.
 19727 | Gauntlet | Found a runed translucent gate.
 19728 | Gauntlet | Found a runed translucent gate.
 19730 | Gauntlet | Found a large runed translucent door.
 19730 | Gauntlet | Noticed a ghost crab
 19731 | Gauntlet | Found a large runed translucent door.
 19738 | Gauntlet | Found a large runed translucent door.
 19739 | Gauntlet | Found a large runed translucent door.
 19739 | Gauntlet | Found a large runed translucent door.
 19740 | Gauntlet | Found a large runed translucent door.
 19740 | Gauntlet | Found a large runed translucent door.
 19740 | Gauntlet | Found a runed translucent door.
 19740 | Gauntlet | Found a runed translucent door.
 19741 | Gauntlet | Found a large runed translucent door.
 19742 | Gauntlet | Found a large runed translucent door.
 19744 | Gauntlet | Found a transporter.
 19748 | Gauntlet | Found a transporter.
 19752 | Gauntlet | Noticed a death yak
 19756 | Gauntlet | Found a transporter.
 19756 | Gauntlet | Noticed a death yak
 19779 | Gauntlet | Found a transporter.
 19780 | Gauntlet | Found a large runed translucent door.
 19781 | Gauntlet | Found a large runed translucent door.
 19781 | Gauntlet | Found a transporter.
 19782 | Gauntlet | Found a large runed translucent door.
 19782 | Gauntlet | Found a large runed translucent door.
 19908 | Gauntlet | Killed a reaper
 20014 | Gauntlet | Gained mutation: You are weak. (Str -2) [a cacodemon]
 20016 | Gauntlet | Killed a cacodemon
 20104 | Gauntlet | Noticed a minotaur
 20112 | Gauntlet | Killed a minotaur
 20113 | Gauntlet | Reached XP level 13. HP: 144/144 MP: 13/13
 20129 | Gauntlet | Identified the +3 leather armour of the Furies {Drain
                  | +Blink Str+4 Dex+6}
 20129 | Gauntlet | Identified the ring of Mabrauph {rF+ Dex+3}
 20424 | Lair:3   | Found a runed translucent gate.
 20424 | Lair:3   | Found a runed translucent gate.
 20424 | Lair:3   | Found a runed translucent gate.
 20506 | Lair:3   | Noticed Ruicvywi's ghost (journeyman OgTm)
 20825 | Lair:3   | Killed Ruicvywi's ghost
 20826 | Lair:3   | Reached skill level 5 in Evocations
 21228 | Lair:4   | Found a staircase to the Shoals.
 22440 | Lair:5   | Found a dark tunnel.
 22497 | Volcano  | Entered a volcano
 22597 | Volcano  | Noticed a red draconian
 22610 | Volcano  | Killed a red draconian
 22611 | Volcano  | Reached skill level 16 in Maces & Flails
 23686 | Lair:6   | Entered Level 6 of the Lair of Beasts
 23783 | Lair:6   | Reached XP level 14. HP: 79/157 MP: 14/14
 23797 | Lair:5   | HP: 7/157 [death yak (10)]
 24678 | Lair:6   | Reached skill level 15 in Fighting
 25037 | Lair:6   | Found a large runed translucent door.
 25037 | Lair:6   | Found a large runed translucent door.
 25347 | Lair:6   | Found a staircase to the Slime Pits.
 26186 | D:12     | Reached ***** piety under Trog
 26823 | D:12     | Found a staircase to the Orcish Mines.
 26840 | D:12     | Received a gift from Trog
 26954 | D:12     | Reached skill level 17 in Maces & Flails
 27321 | Orc:1    | Entered Level 1 of the Orcish Mines
 27321 | Orc:1    | Found Eriuf's Antique Weapon Emporium.
 27371 | Orc:1    | Noticed Maurice
 27382 | Orc:1    | Killed Maurice
 27879 | Orc:2    | Entered Level 2 of the Orcish Mines
 27879 | Orc:2    | Found Reelint's General Store.
 27880 | Orc:2    | Noticed an orc warlord
 27895 | Orc:1    | Reached XP level 15. HP: 152/170 MP: 15/15
 27991 | Orc:2    | Noticed Donald
 28007 | Orc:2    | Killed Donald
 28381 | Orc:2    | Received a gift from Trog
 28415 | Orc:1    | Reached skill level 18 in Maces & Flails
 28423 | Orc:1    | Killed an orc warlord
 28546 | Orc:2    | Found Sigemera's Book Shoppe.
 28783 | Orc:2    | Found a staircase to the Elven Halls.
 28911 | Orc:2    | Found Doedghotz's Antique Weapon Shop.
 29076 | Orc:2    | Found Xiru's Mass Market.
 29084 | Orc:2    | Found Boshramept's Antique Armour Emporium.
 29884 | Orc:2    | Bought 2 potions of haste for 320 gold pieces
 29884 | Orc:2    | Bought a scroll of fear for 56 gold pieces
 29884 | Orc:2    | Bought a phantom mirror for 640 gold pieces
 30562 | D:13     | Reached skill level 19 in Maces & Flails
 30827 | D:13     | Noticed Frances
 30849 | D:13     | Killed Frances
 31103 | D:14     | Noticed Jaliuk's ghost (journeyman DECj)
 31133 | D:14     | Found a transporter.
 31138 | D:14     | Found a transporter.
 31418 | D:14     | Noticed Snorg
 31431 | D:14     | Killed Snorg
 31704 | D:14     | Noticed Agnes
 31724 | D:14     | Mangled by Agnes

Illustrated notes

Levels and vault maps discovered:
D:1:      dpeg_arrival_tiny_j, layout_basic, minmay_liquid_box
D:2:      layout_basic, uniq_sigmund, uniq_terence, uniq_crazy_yiuf_cottage
D:3:      layout_loops_ring, basic_ecumenical_altar, grunt_ministairs_11,
          solitary_fountain, nicolae_grassy_gnolls
D:4:      layout_rooms, serial_bayou_ford_a
D:5:      layout_basic, minmay_temple_entry_sparse_star, serial_aquarium,
          aquarium_bridge_square [aquarium_subvault_wall,
          aquarium_subvault_wall, aquarium_subvault_bridge,
          aquarium_subvault_wall], aquarium_bridge_square
          [aquarium_subvault_bridge, aquarium_subvault_wall,
          aquarium_subvault_bridge, aquarium_subvault_wall], aquarium_window_1,
          aquarium_window_fake, aquarium_window_1, aquarium_view_2b,
          aquarium_balcony_5b
D:6:      layout_basic, grunt_decor_one_mirror
D:7:      layout_basic, mainiacjoe_overflow_cross_hatched
D:8:      minmay_flawed_box, layout_loops_corners, uniq_psyche
D:9:      due_chaos_kobolds, layout_irregular_city, serial_shops, shop,
          serial_bayou_pond_a, nzn_sisyphean_effort
D:10:     layout_long_grid, david_lair_shrubbed, minmay_radiant
D:11:     layout_layer_cave, nicolae_ru_sacrificial_ziggurat, uniq_josephine
D:12:     layout_stronghold, erik_orc_1
D:13:     layout_roguey, chequers_serial_rivers_small_b, minmay_nine_imps,
          uniq_frances
D:14:     layout_basic, david_vaults_1, gammafunk_ghost_hive, minivault_24,
          serial_glass, glass_columns_c, glass_columns_b, glass_columns_b,
          glass_columns_c, glass_columns_a, glass_columns_a, glass_columns_a,
          glass_columns_b, glass_columns_c, glass_columns_a, uniq_agnes,
          uniq_snorg
Lair:1:   layout_loops_ring, minmay_lair_oklob_items, grunt_megastairs_2
Lair:2:   layout_loops_ring, spider_nest_entry_rubble, roderic_carrion_pond
Lair:3:   layout_gridlike, ebering_ghost_rock_garden, gauntlet_entry_generic,
          forest_entry_grove
Lair:4:   layout_layer_cave, elwin_shoals_entry_rocks, lemuel_fruit_fields
Lair:5:   layout_regular_city, nicolae_volcano_entry_vermiform,
          grunt_megastairs_1
Lair:6:   cheibrodos_lair_end_hotspot, layout_gridlike,
          nicolae_slime_entry_slimehenge, evilmike_ambush
          [evilmike_ambush_outer_pillars, evilmike_ambush_inner_wall_1]
Orc:1:    layout_caves, serial_shops, nicolae_shop_statue_plus,
          hellmonk_guarded_unrand_dark_maul, uniq_maurice
Orc:2:    grunt_orc_gardens, layout_caves, grunt_orc_garden, grunt_orc_garden,
          grunt_orc_garden, grunt_orc_garden, minmay_shop_mass, uniq_donald

Skill      XL: |  1  2  3  4  5  6  7  8  9 10 11 12 13 14 15 |
---------------+----------------------------------------------+-----
Maces & Flails | 3 4 6 7 8 10 11 13 14 15 16 17 19 | 19.6
Fighting       | 5 7 10 12 13 14 16 | 16.0
Dodging        | 4 6 7 9 |  9.2
Evocations     | 4 7 8 |  8.0

Action                   |  1- 3 |  4- 6 |  7- 9 | 10-12 | 13-15 || total
-------------------------+-------+-------+-------+-------+-------++-------
Melee: Mace              |    91 |    45 |       |       |       ||   136
       Punch             |     1 |     4 |     1 |       |       ||     6
       Flail             |       |    90 |    20 |       |       ||   110
       Morningstar       |       |       |   112 |       |       ||   112
       Giant club        |       |       |   184 |   480 |  1211 ||  1875
       Unarmed           |       |       |    23 |       |       ||    23
       Demon whip        |       |       |       |    11 |       ||    11
       Maul              |       |       |       |       |    13 ||    13
       Giant spiked club |       |       |       |       |     5 ||     5
Throw: Dart              |       |       |       |     1 |       ||     1
Invok: Berserk           |     1 |     3 |     7 |    21 |    33 ||    65
       Trog's Hand       |     1 |     1 |       |     2 |     3 ||     7
       Brothers in Arms  |       |       |       |     1 |     2 ||     3
Evoke: Wand              |       |       |    15 |     2 |       ||    17
  Use: Potion            |       |     1 |     3 |     1 |     1 ||     6
       Scroll            |       |       |       |     5 |    12 ||    17
 Stab: Sleeping          |       |     1 |     1 |       |       ||     2
Armor: Animal skin       |    20 |    29 |     7 |       |       ||    56
       Acid dragon scale |       |       |   136 |   104 |       ||   240
       Skin              |       |       |    43 |       |       ||    43
       Troll leather arm |       |       |       |    27 |   230 ||   257
Dodge: Dodged            |    39 |    45 |   173 |   203 |   782 ||  1242
